 Dungeon Crawl Stone Soup version 0.28.0-1-gb440e238dd (webtiles) character file.

Game seed: 8037336975650394677

702 mortz the Conjurer (level 7, -2/51 HPs)
             Began as a Gnoll Conjurer on Feb 26, 2022.
             Was an Initiate of Vehumet.
             Killed by divine providence
             ... invoked by a smoke demon
             ... summoned by a kobold demonologist
              (13 damage)
             ... on level 5 of the Dungeon.
             The game lasted 00:25:01 (4814 turns).

mortz the Conjurer (Gnoll Conjurer)                 Turns: 4814, Time: 00:25:01

Health: -2/51      AC:  9    Str:  7    XL:     7   Next: 66%
Magic:  3/15       EV: 12    Int: 19    God:    Vehumet [......]
Gold:   202        SH:  0    Dex: 10    Spells: 14/17 levels left

rFire   + . .      SeeInvis .   w - +2 rapier (speed) {short}
rCold   . . .      Faith    .   (no shield)
rNeg    . . .      Spirit   .   v - +2 leather armour {rF+}
rPois   .          Reflect  .   (no helmet)
rElec   .          Harm     .   (no cloak)
rCorr   .          Rampage  .   (no gloves)
Will    .....                   (no boots)
Stlth   +.........              (no amulet)
HPRegen 0.17/turn               a - +4 ring of protection
MPRegen 0.14/turn               (no ring)

@: on fire, glowing
A: fangs 1, strong nose, distributed training
a: Renounce Religion


You were on level 5 of the Dungeon.
You worshipped Vehumet.
Vehumet was noncommittal.
You visited 2 branches of the dungeon, and saw 6 of its levels.

You collected 202 gold pieces.


Innate Abilities, Weirdness & Mutations

You have very sharp teeth.
Your uncanny sense of smell can sniff out nearby items.
Your experience applies equally to all skills.


   Skills:
 + Level 2.6 Fighting
 + Level 2.6 Short Blades
 + Level 2.6 Long Blades
 + Level 2.6 Axes
 + Level 2.6 Maces & Flails
 + Level 2.6 Polearms
 + Level 2.6 Staves
 + Level 2.6 Slings
 + Level 2.6 Bows
 + Level 2.6 Crossbows
 + Level 2.6 Throwing
 + Level 2.6 Armour
 + Level 5.3 Dodging
 + Level 5.0 Stealth
 + Level 2.6 Shields
 + Level 2.6 Unarmed Combat
 + Level 5.7 Spellcasting
 + Level 7.4 Conjurations
 + Level 2.1 Hexes
 + Level 2.1 Summonings
 + Level 2.1 Necromancy
 + Level 2.1 Translocations
 + Level 2.1 Transmutations
 + Level 2.1 Fire Magic
 + Level 2.1 Ice Magic
 + Level 2.1 Air Magic
 + Level 2.1 Earth Magic
 + Level 2.1 Poison Magic
 + Level 2.9 Invocations
 + Level 2.6 Evocations


You had 14 spell levels left.
You knew the following spells:

 Your Spells              Type           Power      Damage    Failure   Level
a - Magic Dart            Conj           100%       1d8       1%          1
b - Searing Ray           Conj           66%        2d6       1%          2

Your spell library contained the following spells:

 Spells                   Type           Power      Damage    Failure   Level
 Dazzling Flash           Conj/Hex       46%        N/A       7%          3
 Fulminant Prism          Conj/Hex       11%        3d9       22%         4
 Iskenderun's Mystic Bla  Conj/Tloc      23%        2d6       22%         4
 Irradiate                Conj/Tmut      11%        3d17      54%         5
 Blade Hands              Tmut           6%         N/A       88%         5
 Starburst                Conj/Fire      11%        6d5       98%         6
 Dragon Form              Tmut           6%         N/A       100%        7

Inventory:

Hand Weapons
 c - a +1 dagger of holy wrath {short}
   (You took it off a goblin on level 1 of the Dungeon)
 f - a +0 spear {polearm}
   (You found it on level 1 of the Dungeon)
 n - a +0 falchion {long}
   (You found it on level 3 of the Dungeon)
 q - a +0 short sword {short}
   (You took it off a kobold on level 3 of the Dungeon)
 w - a +2 rapier of speed (weapon) {short}
   (You took it off Eustachio on level 4 of the Dungeon)
Missiles
 j - 12 boomerangs {throwing}
 m - 27 stones {throwing}
 p - 8 poisoned darts (quivered) {throwing}
 y - 4 javelins {throwing}
 A - 3 atropa-tipped darts {throwing}
Armour
 o - a +0 scale mail
   (You found it on level 3 of the Dungeon)
 r - a +0 leather armour
   (You took it off an orc on level 3 of the Dungeon)
 v - a +2 leather armour of fire resistance (worn)
   (You took it off Eustachio on level 4 of the Dungeon)
 x - a +2 robe
   (You took it off Blork the orc on level 4 of the Dungeon)
Jewellery
 a - a +4 ring of protection (left hand)
   (You found it on level 4 of the Dungeon)
 u - a +6 ring of dexterity
   (You found it on level 4 of the Dungeon)
Scrolls
 e - 2 scrolls of identify {unknown}
 g - a scroll of fog {unknown}
 k - 3 scrolls of enchant weapon {unknown}
 l - a scroll of holy word {unknown}
 s - a scroll of teleportation {unknown}
 t - a scroll of magic mapping {unknown}
 z - a scroll of vulnerability {unknown}
Potions
 b - a potion of mutation {unknown}
 d - 3 potions of curing {@q1}
 i - a potion of haste {unknown}

Dungeon Overview and Level Annotations

Branches:
Dungeon (5/15)             Temple (1/1) D:4

Altars:
Cheibriados
Dithmenos
Elyvilon
Gozag
Hepliaklqana
Kikubaaqudgha
Makhleb
Qazlal
Ru
Sif Muna
Trog
Vehumet
Xom
Yredelemnul
Zin

Shops:
D:3 ( D:5

[ .............[..#
###...#########.##
###...#########..######
(.....'........โ€
.......
###...#######......####
#...# #.....)# #####
#......# ...
#......#######...
#...@...5........
#...5............
#....K43.......##
#................
#######........##
#.......... #..K.....#.
###ยง####.# #)# #


You could see a hellwing (summoned), a kobold demonologist, a smoke demon
(summoned), a crimson imp (summoned), an ufetubus (summoned) and a kobold.


Message History

The searing ray hits the kobold brigand!
The searing ray hits the water moccasin skeleton!
The searing ray hits the kobold brigand.
You finish channelling your searing ray.
You feel sick.
You are no longer poisoned. ๐Ÿ˜ฎ HP[-1] MP[-1]
You take 1 damage, and now have 26/51 hp.
You lost 1 mp, and now have 8/15 mp.
Casting: Searing Ray (safe; 1% risk of failure)
Confirm with . or Enter, or press ? or * to list all spells.
Aiming: Searing Ray (safe; 1% risk of failure)
Press: ? - help, Shift-Dir - straight line, f/p - kobold brigand
Aim: a kobold brigand, wielding a +0 short sword and quivering poisoned darts (almost dead, 76% to hit)
The searing ray hits the kobold brigand.
You kill the kobold brigand!
Vehumet accepts your kill.
The searing ray hits the kobold brigand!
The searing ray hits the water moccasin skeleton!
You destroy the water moccasin skeleton!
Vehumet accepts your kill. (Press . to maintain the ray.)
Your Hexes skill increases to level 2!
Your Summonings skill increases to level 2!
Your Necromancy skill increases to level 2!
Your Translocations skill increases to level 2!
Your Transmutations skill increases to level 2!
Your Fire Magic skill increases to level 2!
Your Ice Magic skill increases to level 2!
Your Air Magic skill increases to level 2!
Your Earth Magic skill increases to level 2!
Your Poison Magic skill increases to level 2! ๐Ÿ˜ฎ MP[-2]
You lost 2 mp, and now have 6/15 mp.
Casting: Searing Ray (safe; 1% risk of failure)
Confirm with . or Enter, or press ? or * to list all spells.
Restarting spell: Searing Ray (safe; 1% risk of failure)
Press: ? - help, Shift-Dir - straight line, f - kobold demonologist
Aim: a kobold demonologist, wielding a +0 dagger and wearing a +0 robe (73% to hit)
The searing ray hits the kobold brigand!
You kill the kobold brigand!
Vehumet accepts your kill.
The searing ray hits the kobold demonologist.
The searing ray hits the hellwing but does no damage. (Press . to maintain the ray.)
Your Stealth skill increases to level 5! ๐Ÿ˜ฎ MP[-1]
You lost 1 mp, and now have 5/15 mp.
The searing ray hits the kobold demonologist!
The searing ray misses the hellwing.
The kobold demonologist looks satisfied for a moment. ๐Ÿ˜ฎ MP[-1]
You lost 1 mp, and now have 4/15 mp.
The searing ray hits the kobold demonologist!
The searing ray hits the hellwing. ๐Ÿ˜ฎ HP[+1] MP[-1]
You lost 1 mp, and now have 3/15 mp.
The searing ray misses the kobold demonologist.
The searing ray hits the hellwing.
You finish channelling your searing ray.
A kobold brigand comes into view.
It is wielding a +0 short sword and quivering curare-tipped darts.
The kobold demonologist looks encouraged for a moment. ๐Ÿ˜ฎ MP[-1]
You lost 1 mp, and now have 2/15 mp.
The kobold demonologist closely misses you.
A kobold comes into view. It is wielding a +0 short sword.
The hellwing swoops through the air toward you!
The hellwing completely misses you. x2
The crimson imp blinks!
The hellwing hits you.
* * * LOW HITPOINT WARNING * * *
The hellwing hits you!
* * * LOW HITPOINT WARNING * * *
๐Ÿ˜จ HP[-11]
You take 11 damage, and now have 16/51 hp.
MASSIVE DAMAGE!! (PAUSE)
The kobold demonologist gestures wildly while chanting. ๐Ÿ˜จ MP[+1]
The smoke demon gestures at you. Something smites you!
* * * LOW HITPOINT WARNING * * *
๐Ÿ˜ฑ HP[-13]
You take 13 damage, and now have 3/51 hp.
MASSIVE DAMAGE!! (PAUSE)
The hellwing hits you but does no damage.
The hellwing closely misses you.
It was a potion of curing.
You feel better.
The crimson imp blinks!
The ufetubus barely misses you.
The ufetubus hits you but does no damage.
The hellwing misses you. x2 ๐Ÿ˜จ HP[+10]
You regained 10 hp, and now have 13/51 hp.
The smoke demon gestures at you.
The sticky flame hits you but does no damage.
You are covered in liquid flames!
You are covered in liquid flames!
* * * LOW HITPOINT WARNING * * *
The kobold shouts!
The smoke demon gestures at you. Something smites you!
You die...

Skill      XL: |  1  2  3  4  5  6  7 |
---------------+----------------------+-----
Spellcasting   | 5 |  5.7
Invocations    | 1 2 |  2.9
Fighting       | 1 2 |  2.6
Short Blades   | 1 2 |  2.6
Long Blades    | 1 2 |  2.6
Axes           | 1 2 |  2.6
Maces & Flails | 1 2 |  2.6
Polearms       | 1 2 |  2.6
Staves         | 1 2 |  2.6
Slings         | 1 2 |  2.6
Bows           | 1 2 |  2.6
Crossbows      | 1 2 |  2.6
Throwing       | 1 2 |  2.6
Armour         | 1 2 |  2.6
Shields        | 1 2 |  2.6
Unarmed Combat | 1 2 |  2.6
Evocations     | 1 2 |  2.6
Hexes          | 1 2 |  2.1
Summonings     | 1 2 |  2.1
Necromancy     | 1 2 |  2.1
Translocations | 1 2 |  2.1
Transmutations | 1 2 |  2.1
Fire Magic     | 1 2 |  2.1
Ice Magic      | 1 2 |  2.1
Air Magic      | 1 2 |  2.1
Earth Magic    | 1 2 |  2.1
Poison Magic   | 1 2 |  2.1
Dodging        | 5 |  5.3
Stealth        | 5 |  5.0
Conjurations   | |  7.4

Action                   |  1- 3 |  4- 6 |  7- 9 || total
-------------------------+-------+-------+-------++-------
Throw: Dart              |       |       |     7 ||     7
 Cast: Magic Dart        |    32 |    68 |    10 ||   110
       Searing Ray       |     5 |    24 |     9 ||    38
  Use: Potion            |       |       |     1 ||     1
Armor: Robe              |     1 |     1 |       ||     2
       Leather armour    |       |     3 |     6 ||     9
Dodge: Dodged            |     7 |    10 |    12 ||    29

Levels and vault maps discovered:
D:1:      shiori_arrival_maze, layout_basic, basic_ecumenical_altar
D:2:      layout_rooms
D:3:      layout_basic, zin_treasury, serial_shops,
          nicolae_shop_bloodbath_and_beyond
D:4:      layout_loops_corners, lemuel_doored_altar, lemuel_round_altar,
          mainiacjoe_overflow_swirl, minmay_temple_entry_poolview,
          uniq_blork_the_orc, uniq_eustachio
D:5:      layout_basic, serial_shops, nicolae_shop_trees, minivault_26
Temple:   jpeg_temple_alley_garden

Notes
Turn   | Place    | Note
-------+----------+-------------------------------------------
     0 | D:1      | mortz the Gnoll Conjurer began the quest for the Orb.
     0 | D:1      | Reached XP level 1. HP: 13/13 MP: 6/6
     0 | D:1      | magus.rc [v1.9.6]
   120 | D:1      | Reached XP level 2. HP: 19/19 MP: 4/7
   214 | D:1      | Found a faded altar of an unknown god.
   461 | D:1      | Learned a level 2 spell: Searing Ray
   572 | D:1      | Reached XP level 3. HP: 25/25 MP: 7/9
   746 | D:1      | You pick up a book of Spectacle and begin reading...
   961 | D:1      | Reached skill level 5 in Spellcasting
  1081 | D:2      | Reached skill level 1 in Invocations
  1204 | D:2      | Reached skill level 1 in Fighting
  1204 | D:2      | Reached skill level 1 in Short Blades
  1204 | D:2      | Reached skill level 1 in Long Blades
  1204 | D:2      | Reached skill level 1 in Axes
  1204 | D:2      | Reached skill level 1 in Maces & Flails
  1204 | D:2      | Reached skill level 1 in Polearms
  1204 | D:2      | Reached skill level 1 in Staves
  1204 | D:2      | Reached skill level 1 in Slings
  1204 | D:2      | Reached skill level 1 in Bows
  1204 | D:2      | Reached skill level 1 in Crossbows
  1204 | D:2      | Reached skill level 1 in Throwing
  1204 | D:2      | Reached skill level 1 in Armour
  1204 | D:2      | Reached skill level 1 in Shields
  1204 | D:2      | Reached skill level 1 in Unarmed Combat
  1204 | D:2      | Reached skill level 1 in Evocations
  1204 | D:2      | Reached XP level 4. HP: 32/32 MP: 1/11
  1594 | D:2      | Reached skill level 1 in Hexes
  1594 | D:2      | Reached skill level 1 in Summonings
  1594 | D:2      | Reached skill level 1 in Necromancy
  1594 | D:2      | Reached skill level 1 in Translocations
  1594 | D:2      | Reached skill level 1 in Transmutations
  1594 | D:2      | Reached skill level 1 in Fire Magic
  1594 | D:2      | Reached skill level 1 in Ice Magic
  1594 | D:2      | Reached skill level 1 in Air Magic
  1594 | D:2      | Reached skill level 1 in Earth Magic
  1594 | D:2      | Reached skill level 1 in Poison Magic
  1842 | D:3      | Found Doshrisi's Weapon Emporium.
  1930 | D:3      | You pick up a book of Transfigurations {@e2} and begin
                  | reading...
  1930 | D:3      | You add the spells Irradiate, Blade Hands and Dragon Form
                  | to your library.
  1963 | D:3      | Reached XP level 5. HP: 37/37 MP: 4/12
  2435 | D:3      | Found a glowing silver altar of Zin.
  3143 | D:4      | Found a snail-covered altar of Cheibriados.
  3528 | D:4      | Noticed Eustachio
  3536 | D:4      | Killed Eustachio
  3537 | D:4      | Reached skill level 2 in Fighting
  3537 | D:4      | Reached skill level 2 in Short Blades
  3537 | D:4      | Reached skill level 2 in Long Blades
  3537 | D:4      | Reached skill level 2 in Axes
  3537 | D:4      | Reached skill level 2 in Maces & Flails
  3537 | D:4      | Reached skill level 2 in Polearms
  3537 | D:4      | Reached skill level 2 in Staves
  3537 | D:4      | Reached skill level 2 in Slings
  3537 | D:4      | Reached skill level 2 in Bows
  3537 | D:4      | Reached skill level 2 in Crossbows
  3537 | D:4      | Reached skill level 2 in Throwing
  3537 | D:4      | Reached skill level 2 in Armour
  3537 | D:4      | Reached skill level 5 in Dodging
  3537 | D:4      | Reached skill level 2 in Shields
  3537 | D:4      | Reached skill level 2 in Unarmed Combat
  3537 | D:4      | Reached skill level 2 in Invocations
  3537 | D:4      | Reached skill level 2 in Evocations
  3537 | D:4      | Reached XP level 6. HP: 31/44 MP: 3/14
  3737 | D:4      | Found a hazy altar of Hepliaklqana.
  3978 | D:4      | Found a staircase to the Ecumenical Temple.
  3978 | D:4      | Noticed Blork the orc
  3986 | D:4      | Killed Blork the orc
  3987 | D:4      | Reached XP level 7. HP: 37/50 MP: 7/15
  4006 | Temple   | Entered the Ecumenical Temple
  4106 | Temple   | Became a worshipper of Vehumet
  4296 | D:4      | Found a burning altar of Makhleb.
  4305 | D:4      | Found a basalt altar of Yredelemnul.
  4577 | D:5      | Entered Level 5 of the Dungeon
  4577 | D:5      | Found Ygorghiff's Antique Armour Shoppe.
  4785 | D:5      | Noticed a kobold demonologist
  4799 | D:5      | Noticed a hellwing
  4802 | D:5      | Reached skill level 2 in Hexes
  4802 | D:5      | Reached skill level 2 in Summonings
  4802 | D:5      | Reached skill level 2 in Necromancy
  4802 | D:5      | Reached skill level 2 in Translocations
  4802 | D:5      | Reached skill level 2 in Transmutations
  4802 | D:5      | Reached skill level 2 in Fire Magic
  4802 | D:5      | Reached skill level 2 in Ice Magic
  4802 | D:5      | Reached skill level 2 in Air Magic
  4802 | D:5      | Reached skill level 2 in Earth Magic
  4802 | D:5      | Reached skill level 2 in Poison Magic
  4803 | D:5      | Reached skill level 5 in Stealth
  4810 | D:5      | Noticed a smoke demon
  4810 | D:5      | HP: 3/51 [smoke demon/divine providence[a kobold
                  | demonologist] (14)]
  4814 | D:5      | Killed from afar by a smoke demon

Vanquished Creatures
  Eustachio (D:4)
  2 kobold brigands (D:5)
  Blork the orc (D:4)
  A water moccasin skeleton (D:5)
  A hound (D:5)
  An orc wizard (D:4)
  3 iguanas
  A killer bee zombie (D:5)
  7 adders
  An ufetubus (D:4)
  An adder skeleton (D:4)
  A worm (D:4)
  2 dart slugs
  3 orcs
  8 ball pythons
  7 bats
  5 endoplasms
  3 giant cockroaches
  3 goblins (D:1)
  11 hobgoblins
  5 jackals
  7 kobolds
  7 quokkas
  3 frilled lizards
  3 rats
88 creatures vanquished.

Table legend:
 A = Non-vault XP
 B = Vault XP
 C = Vault XP percentage of total XP
 D = Non-vault monster count
 E = Vault monster count
 F = Vault count percentage of total count
                 A         B        C        D         E       F
            +---------+---------+-------+---------+---------+-------
      Total |     712 |     291 |  29.0 |      84 |       4 |   4.5
            +---------+---------+-------+---------+---------+-------
        D:1 |      37 |       4 |   9.8 |      21 |       2 |   8.7
        D:2 |      89 |       0 |   0.0 |      20 |       0 |   0.0
        D:3 |      58 |       0 |   0.0 |      13 |       0 |   0.0
        D:4 |     184 |     287 |  60.9 |      24 |       2 |   7.7
        D:5 |     344 |       0 |   0.0 |       6 |       0 |   0.0
            +---------+---------+-------+---------+---------+-------

Illustrated notes

Table legend:
 A = Kills in this place as a percentage of kills in entire the game.
 B = Kills by you in this place as a percentage of kills by you in the entire game.
 C = Kills by friends in this place as a percentage of kills by friends in the entire game.
 D = Other kills in this place as a percentage of other kills in the entire game.
 E = Experience gained in this place as a percentage of experience gained in the entire game.
 F = Experience gained in this place divided by the number of levels of this place that you have seen.
                   A       B       C       D       E      F
               +-------+-------+-------+-------+-------+----------------------
         Total | 100.0 | 100.0 |   N/A |   N/A | 100.0 | 167.2
       Dungeon | 100.0 | 100.0 |   N/A |   N/A | 100.0 | 200.6
               +-------+-------+-------+-------+-------+----------------------

Table legend: (Time is in decaauts)
 A = Elapsed time spent in this place.
 B = Non-inter-level travel time spent in this place.
 C = Inter-level travel time spent in this place.
 D = Time resting spent in this place.
 E = Time spent auto-exploring this place.
 F = Levels seen in this place.
 G = Mean time per level.
                   A        B        C        D        E       F      G
               +--------+--------+--------+--------+--------+-----+--------+
         Total |   4810 |   4631 |    179 |    974 |   2972 |   6 |  801.7 |
       Dungeon |   4672 |   4529 |    143 |    974 |   2884 |   5 |  934.4 |
        Temple |    137 |    101 |     36 |      0 |     88 |   1 |  137.0 |
               +--------+--------+--------+--------+--------+-----+--------+

Top non-repeatable levels by time:
     D:4: 1677 daAuts
     D:1: 1050 daAuts
     D:3: 947 daAuts
     D:2: 761 daAuts
     D:5: 236 daAuts
  Temple: 137 daAuts
